Map: Dusk Towers

Players

Fropez - Winner!

  • Race: Protoss Protoss
  • League: Silver
  • Spawn Location: 1:00

jeye

  • Race: Zerg Zerg
  • League: Gold
  • Spawn Location: 7:00

VOD

Have the link to the VOD?

Description

Time

  • Played on: July 8, 2016, 10:30 a.m.
  • Length: 31:24
Show
View Real Time Build Order
Export as new Build Order

Fropez Protoss - Winner!

Build Orders: 1 Gate Expand 

Get SALT Encoding   

  12  0:00  Probe (Chrono Boost)  
  13  0:15  Pylon  
  13  0:25  Probe (Chrono Boost)  
  15  0:35  Probe (Chrono Boost)  
  15  0:44  Gateway  
  15  0:49  Probe (Chrono Boost)  
  16  0:51  Pylon  
  16  1:11  Assimilator  
  16  1:20  Gateway  
  16  1:34  Nexus  
  16  1:46  Gateway  
  16  1:51  Assimilator  
  16  1:53  Probe (Chrono Boost)  
  17  2:04  Probe (Chrono Boost)  
  17  2:05  Assimilator  
  18  2:16  Probe (Chrono Boost)  
  19  2:23  Pylon  
  19  2:38  Probe (Chrono Boost)  
  19  2:43  Cybernetics Core  
  20  2:49  Probe (Chrono Boost)  
  20  3:00  Probe (Chrono Boost)  
  20  3:01  Probe (Chrono Boost)  
  22  3:10  Probe (Chrono Boost)  
  22  3:12  Probe (Chrono Boost)  
  24  3:20  Warp Gate (Chrono Boost)  
  24  3:21  Adept, Probe (Chrono Boost)  
  24  3:22  Probe (Chrono Boost)  
  28  3:28  Adept  
  30  3:37  Mothership Core  
  32  3:44  Probe  
  33  3:51  Adept  
  33  3:55  Adept  
  37  4:00  Probe  
  37  4:01  Probe  
  39  4:11  Probe, Assimilator  
  39  4:15  Assimilator  
  40  4:18  Adept  
  40  4:21  Pylon  
  40  4:22  Adept  
  44  4:27  Pylon  
  44  4:32  Pylon  
  44  4:37  Probe  
  45  4:40  Probe  
  46  4:52  Twilight Council  
  46  5:02  Gateway  
  46  5:14  Adept x2  
  46  5:15  Adept  
  50  6:05  Blink (Chrono Boost)  
  50  6:10  Stalker  
  50  6:11  Stalker x2  
  46  6:21  Forge, Probe  
  46  6:22  Probe  
  46  6:24  Gateway  
  42  6:25  Gateway  
  42  6:28  Pylon, Gateway  
  42  6:39  Probe  
  42  6:40  Probe  
  42  6:41  Pylon  
  43  6:54  Stalker x3  
  45  6:58  Probe x2  
  51  7:02  Protoss Ground Weapons Level 1 (Chrono Boost)  
  51  7:24  Robotics Facility  
  51  7:27  Stalker x2  
  51  7:28  Stalker  
  57  7:38  Sentry  
  57  7:39  Sentry x3  
  65  8:09  Stalker x5  
  75  8:14  Observer  
  76  8:39  Nexus  
  76  8:46  Stalker  
  78  8:48  Warp Prism  
  80  9:04  Stalker  
  80  9:05  Stalker x3  
  86  9:25  Sentry  
  86  9:26  Sentry x2  
  92  9:34  Observer  
  92  9:35  Probe  
  94  9:39  Pylon  
  94  9:43  Photon Cannon  
  94  9:51  Probe x2  
  96  9:58  Pylon  
  90  10:09  Photon Cannon  
  90  10:14  Stalker x3  
  90  10:15  Stalker x2  
  100  10:22  Probe  
  100  10:23  Probe  
  100  10:25  Stalker  
  104  10:57  Sentry  
  104  10:58  Sentry x6  
  116  11:36  Protoss Ground Weapons Level 2 (Chrono Boost)  
  116  11:42  Forge  
  116  11:43  Pylon  
  116  11:49  Dark Shrine  
  116  11:53  Photon Cannon  
  116  11:55  Charge  
  116  12:02  Pylon, Zealot x5  
  116  12:03  Zealot x2  
  116  12:04  Assimilator  
  130  12:09  Assimilator  
  130  12:14  Pylon  
  130  12:17  Pylon  
  110  12:31  Pylon  
  110  12:35  Pylon  
  102  13:14  Stalker  
  102  13:15  Stalker x6  
  116  13:24  Probe x2  
  116  13:25  Probe  
  119  13:38  Nexus  
  119  13:40  Gateway  
  119  13:41  Assimilator  
  119  13:42  Gateway  
  119  13:45  Assimilator, Dark Templar x4  
  119  13:46  Dark Templar  
  129  13:49  Pylon  
  129  13:50  Pylon  
  129  13:55  Protoss Ground Weapons Level 3 (Chrono Boost)  
  129  13:56  Protoss Ground Armor Level 1 (Chrono Boost)  
  129  13:59  Probe  
  129  14:01  Probe  
  131  14:06  Observer  
  110  14:28  Dark Templar x2  
  110  14:29  Dark Templar  
  47  15:38  Zealot x3  
  47  15:40  Probe  
  54  16:14  Probe  
  54  16:15  Probe  
  54  16:16  Probe  
  57  16:40  Probe  
  57  16:41  Probe  
  59  16:48  Probe  
  60  16:59  Dark Templar x3  
  66  17:18  Dark Templar x2  
  70  17:42  Dark Templar x4  
  74  17:46  Probe  
  74  17:47  Probe  
  74  17:50  Probe  
  71  18:10  Immortal  
  71  18:12  Probe x2  
  76  18:19  Probe  
  77  18:42  Dark Templar x3  
  83  18:57  Dark Templar  
  79  19:10  Stalker x2  
  79  19:12  Probe  
  79  19:14  Probe  
  79  19:35  Probe  
  79  19:36  Probe x2  
  80  19:45  Probe  
  80  19:48  Probe x2  
  83  19:56  Probe  
  84  20:00  Probe x2  
  84  20:06  Probe  
  86  20:12  Probe  
  86  20:13  Probe  
  89  20:19  Stalker x3  
  89  20:53  Probe  
  89  20:54  Probe  
  89  20:55  Probe  
  92  21:03  Probe  
  91  21:32  Dark Templar  
  91  21:33  Dark Templar  
  91  21:36  Nexus  
  91  21:38  Assimilator  
  95  21:42  Assimilator  
  95  21:43  Probe  
  95  21:45  Pylon, Probe  
  95  21:46  Pylon  
  97  21:47  Probe  
  96  22:02  Stalker x3  
  96  22:03  Stalker  
  103  22:54  Stalker  
  103  22:57  Observer  
  106  23:01  Protoss Ground Armor Level 2 (Chrono Boost), Protoss Shields Level 1 (Chrono Boost)  
  106  23:14  Probe x2  
  106  23:15  Probe  
  109  23:27  Stargate  
  109  23:28  Probe, Stargate  
  109  23:29  Probe x2, Stargate  
  112  23:50  Zealot x5  
  117  24:16  Probe  
  117  24:17  Probe  
  117  24:18  Probe, Photon Cannon  
  117  24:21  Photon Cannon  
  117  24:23  Probe  
  121  24:24  Pylon  
  121  24:25  Fleet Beacon  
  121  24:27  Probe  
  122  24:35  Nexus, Dark Templar  
  122  24:36  Dark Templar x3  
  122  24:37  Assimilator  
  130  24:41  Assimilator  
  130  24:42  Photon Cannon  
  128  24:46  Pylon  
  108  25:51  Probe x2  
  108  25:52  Probe x2  
  108  25:53  Probe  
  113  25:57  Carrier x3 (Chrono Boost)  
  113  26:03  Graviton Catapult  
  131  26:04  Probe  
  131  26:07  Protoss Air Weapons Level 1 (Chrono Boost)  
  132  26:34  Pylon  
  132  26:40  Probe  
  132  26:41  Probe x2  
  132  26:42  Probe  
  136  26:47  Zealot x4  
  136  26:48  Zealot x3  
  149  27:08  Probe  
  149  27:09  Probe x2  
  149  27:10  Void Ray (Chrono Boost), Probe  
  149  27:11  Void Ray x2 (Chrono Boost)  
  145  27:25  Observer  
  144  27:30  Protoss Shields Level 2  
  144  27:41  Carrier x2  
  144  27:47  Observer  
  144  27:50  Probe x2, Photon Cannon  
  147  27:54  Pylon  
  157  28:00  Protoss Air Armor Level 1 (Chrono Boost)  
  157  28:08  Observer  
  158  28:15  Probe  
  158  28:16  Probe x3  
  158  28:17  Probe  
  163  28:23  Carrier  
  163  28:24  Mothership Core  
  163  28:29  Probe x3  
  168  28:40  Pylon  
  174  28:55  Carrier  
  174  28:57  Nexus  
  174  29:01  Assimilator  
  174  29:05  Assimilator  
  180  29:15  Stalker x5  
  190  30:01  Probe  
  190  30:02  Probe x2  
  190  30:06  Probe  
  194  31:14  Stalker  
  194  31:15  Stalker x2  
Show
View Real Time Build Order
Export as new Build Order

jeye Zerg 

Build Orders: Pool First, Lurkers 

Get SALT Encoding   

  12  0:09  Drone  
  12  0:10  Drone  
  14  0:22  Extractor, Drone  
  14  0:24  Extractor, Drone  
  16  0:31  Overlord  
  16  0:54  Drone x2  
  16  0:55  Spawning Pool  
  17  1:07  Drone  
  18  1:12  Extractor  
  18  1:17  Drone  
  18  1:26  Drone  
  19  1:39  Hatchery  
  18  1:40  Overlord  
  18  1:43  Queen  
  20  1:51  Drone  
  21  2:14  Drone x2  
  23  2:21  Extractor  
  22  2:30  Pneumatized Carapace  
  22  2:32  Drone x2  
  24  3:04  Extractor  
  23  3:11  Drone x5  
  23  3:12  Queen, Drone x2  
  30  3:13  Roach Warren  
  30  3:15  Queen  
  30  3:16  Overlord  
  33  3:38  Evolution Chamber  
  32  3:54  Drone x5  
  32  3:55  Drone x3  
  40  4:06  Zerg Ground Armor Level 1  
  40  4:10  Lair  
  40  4:14  Extractor x2  
  38  4:21  Spore Crawler  
  37  4:31  Queen  
  37  4:33  Drone  
  37  4:34  Drone x2  
  37  4:35  Drone x2  
  37  4:37  Overlord x2  
  44  4:44  Overlord  
  44  5:07  Roach  
  44  5:08  Roach x7  
  44  5:09  Roach  
  44  5:14  Glial Reconstitution  
  62  5:27  Evolution Chamber  
  61  5:44  Roach x3  
  65  6:00  Zerg Missile Weapons Level 1  
  58  6:13  Drone  
  58  6:14  Drone x2  
  58  6:15  Drone x3  
  64  6:24  Drone x4  
  68  6:46  Overseer  
  68  6:48  Overseer  
  68  6:50  Hatchery  
  68  6:51  Zerg Ground Armor Level 2  
  68  6:52  Overlord x2  
  67  6:55  Drone  
  67  6:56  Overlord  
  68  7:03  Burrow  
  68  7:05  Tunneling Claws  
  68  7:16  Queen  
  70  7:43  Roach x4  
  70  7:48  Baneling Nest  
  70  7:49  Drone x5  
  74  7:52  Queen  
  74  7:54  Ravager x4  
  74  7:56  Overlord x2  
  82  7:58  Roach x2  
  82  7:59  Roach x3  
  82  8:05  Extractor  
  85  8:13  Ravager x2  
  85  8:15  Drone x4  
  91  8:23  Overlord x2  
  91  8:25  Roach x3  
  97  8:35  Extractor  
  97  8:36  Ravager x2  
  98  8:43  Roach x5  
  98  8:48  Zerg Missile Weapons Level 2  
  108  9:21  Hydralisk Den  
  108  9:23  Drone x3  
  110  9:24  Infestation Pit, Drone  
  110  9:25  Drone x2  
  110  9:26  Drone x3  
  115  9:35  Overseer  
  115  9:42  Centrifical Hooks  
  113  10:08  Hydralisk x4  
  121  10:16  Lurker Den  
  121  10:24  Zergling x2  
  121  10:25  Overlord x2  
  122  10:32  Overlord x3, Roach x18  
  122  10:48  Hydralisk x6  
  122  10:49  Hydralisk  
  131  10:58  Overlord x2  
  131  11:01  Infestor x2  
  131  11:03  Overlord x2  
  135  11:04  Hydralisk x4  
  135  11:05  Hydralisk  
  145  11:15  Overseer  
  145  11:24  Infestor x2  
  145  11:51  Zergling x10  
  145  11:52  Zergling x8  
  145  11:54  Metabolic Boost  
  137  12:54  Lurker x5  
  137  12:55  Lurker x2  
  144  13:00  Spore Crawler  
  144  13:03  Spore Crawler  
  142  13:07  Nydus Network  
  141  13:41  Muscular Augments  
  141  13:44  Hive  
  141  13:47  Pathogen Glands  
  141  13:49  Hydralisk x3  
  147  13:56  Nydus Canal  
  147  14:01  Lurker  
  147  14:02  Lurker x4  
  152  14:03  Hydralisk x5  
  152  14:04  Hydralisk x5  
  152  14:05  Overlord x3  
  172  14:19  Nydus Canal  
  172  14:52  Nydus Canal  
  151  15:49  Nydus Canal  
  151  15:56  Baneling x5  
  151  15:59  Overseer  
  151  16:26  Overlord  
  151  16:27  Overlord  
  151  16:34  Overseer  
  151  16:39  Zerg Ground Armor Level 3, Zerg Missile Weapons Level 3  
  151  16:47  Hatchery  
  151  16:50  Extractor  
  151  16:51  Extractor, Spore Crawler  
  147  17:03  Nydus Canal  
  147  17:10  Zergling x8  
  151  17:17  Overlord  
  151  17:25  Queen  
  151  17:28  Hydralisk x2  
  150  17:30  Overseer  
  150  17:33  Roach x13  
  132  17:44  Drone x4  
  132  17:45  Drone x4  
  126  18:10  Overseer  
  126  18:23  Drone  
  126  18:24  Drone x2  
  129  18:34  Queen  
  129  18:38  Drone x9  
  129  19:03  Spore Crawler  
  129  19:06  Spine Crawler  
  125  19:40  Infestor x2  
  125  20:21  Infestor  
  125  20:22  Infestor  
  125  20:42  Overlord x3  
  125  20:45  Baneling x4  
  125  20:46  Baneling x4  
  123  21:59  Baneling x5  
  123  22:03  Spine Crawler  
  123  22:04  Spine Crawler  
  121  22:08  Overseer  
  121  22:34  Extractor  
  121  22:36  Hatchery  
  111  24:03  Drone  
  108  24:20  Overseer  
  108  24:28  Infestor x2  
  108  24:35  Drone x5  
  108  24:51  Hatchery  
  106  24:52  Extractor  
  106  24:53  Extractor  
  88  25:11  Nydus Canal  
  77  25:17  Infestor  
  77  25:19  Drone x2  
  78  25:26  Lurker x4  
  81  25:29  Ravager x4  
  85  25:37  Overseer  
  84  25:43  Nydus Network  
  83  26:38  Spire  
  82  27:02  Nydus Canal  
  82  27:21  Drone x2  
  82  27:37  Hatchery  
  82  27:39  Extractor  
  81  27:44  Nydus Canal  
  81  28:10  Zerg Flyer Armor Level 1  
  81  28:23  Hatchery  
  80  28:31  Drone  
  81  28:38  Corruptor x5  
  81  28:39  Corruptor x9  
  81  28:40  Corruptor x2  
  113  29:35  Overseer  
  111  29:39  Overseer  
Tags
 
Composition
Lurkers
Matchup
PvZ
Replay Pack
All Mines
Spawn Locations
Cross Positions
Add a new tag
Caveats
  • Supply blocks, unpowered buildings, or Contaminate may cause inaccurate times.
  • Supply counts are checked every 10 seconds.